 Dungeon Crawl Stone Soup version 0.23-a0-137-gef0ad6d46f (webtiles) character file.

66 Napalmbreeze the Skirmisher (level 4, -2/29 HPs)
             Began as a Gargoyle Gladiator on Aug 29, 2018.
             Killed from afar by Sigmund (11 damage)
             ... with a puff of flame
             ... on level 3 of the Dungeon.
             The game lasted 00:04:03 (2297 turns).

Napalmbreeze the Skirmisher (Gargoyle Gladiator)    Turns: 2297, Time: 00:04:04

Health: -2/29      AC: 11    Str: 18    XL:     4   Next: 15%
Magic:  4/4        EV: 10    Int:  8    God:
Gold:   138        SH:  0    Dex: 12    Spells: 3/3 levels left

rFire    . . .     SeeInvis .   a - +0 flail
rCold    . . .     Gourm    .   (no shield)
rNeg     + . .     Faith    .   n - +0 scale mail
rPois    ∞         Spirit   .   c - +0 helmet
rElec    +         Reflect  .   (no cloak)
rCorr    .         Harm     .   (no gloves)
MR       +....                  (no boots)
Stlth    ..........             (no amulet)
HPRegen  0.09/turn              j - ring of protection from magic
MPRegen  0.09/turn              (no ring)

@: hasted, very quick
A: negative energy resistance 1, electricity resistance, unbreathing,
petrification resistance, rot immunity, AC +3
a: no special abilities


You were on level 3 of the Dungeon.
You were not hungry.

You visited 1 branch of the dungeon, and saw 3 of its levels.

You collected 138 gold pieces.

Inventory:

Hand Weapons
 a - a +0 flail (weapon)
Missiles
 d - 3 throwing nets (quivered)
Armour
 c - a +0 helmet (worn)
 n - a +0 scale mail (worn)
Jewellery
 j - a ring of protection from magic (left hand)
Scrolls
 b - 3 scrolls of teleportation {unknown}
 e - 2 scrolls of remove curse {unknown}
 h - a scroll of enchant armour {unknown}
 k - a scroll of immolation {unknown}
 m - 2 scrolls of identify {unknown}
 q - a scroll of amnesia {unknown}
Potions
 g - a potion of heal wounds {unknown}
 i - a potion of invisibility {unknown}
 l - 2 potions of might {unknown}
 o - 2 potions of lignification {unknown}
 p - a potion of haste
Comestibles
 f - 5 rations


   Skills:
 * Level 3.7 Fighting
 + Level 3.4 Maces & Flails
 - Level 1.7 Throwing
 + Level 1.7 Armour
 - Level 2.4 Dodging


You had 3 spell levels left.
You didn't know any spells.
Your spell library was empty.

Dungeon Overview and Level Annotations

Branches:
Dungeon (3/15)

Altars:
Elyvilon
Nemelex Xobeh
Sif Muna
Vehumet

Annotations:
D:3 Grinder, Sigmund


Innate Abilities, Weirdness & Mutations

You are resistant to torment.
Your stone body is resilient. (AC +3)
You are immune to poison.
You resist negative energy. (rN+)
You are resistant to electric shocks. (rElec)
You can survive without breathing.
You are immune to petrification.
You are immune to rotting.


Message History

You thump something! Something hits you but does no damage.
You sock something! Something hits you but does no damage.
You barely miss something. You barely miss something.
You hear some strange, mumbled words.
Something tries to affect you, but you resist.
You miss something. Something hits you.
You closely miss something.
You hear some strange, mumbled words.
A magic dart appears from out of thin air!
The magic dart hits you!
You closely miss something. Something completely misses you.
You miss something.
You hear some strange, mumbled words.
Something tries to affect you, but you resist.
It was a potion of haste.
You feel yourself speed up. Something hits you but does no damage.
A puff of flame appears from out of thin air!
The puff of flame hits you!
You die...

#....#..##
##.#.# (# #...#
.#+###+##
#...####.......#
#..............#
###.####.......#
#<.# #.......#
##.# #.......#
.###.@.....#
..#........#
#.#........#
.#........#
.#........#
.###+#.#### #.#
#.# #.#


There were no monsters in sight!

Vanquished Creatures
  3 worms (D:2)
  2 dart slugs (D:1)
  2 leopard geckos
  An orc (D:3)
  9 bats
  3 giant cockroaches (D:2)
  3 goblins (D:1)
  7 hobgoblins
  4 jackals (D:1)
  A quokka (D:2)
  3 frilled lizards (D:2)
  2 kobolds
  7 rats
47 creatures vanquished.

Notes
Turn   | Place    | Note
-------+----------+-------------------------------------------
     0 | D:1      | Napalmbreeze the Gargoyle Gladiator began the quest for the
                  | Orb.
     0 | D:1      | Reached XP level 1. HP: 12/12 MP: 1/1
    74 | D:1      | Reached XP level 2. HP: 12/18 MP: 2/2
   290 | D:1      | Reached skill level 1 in Armour
   404 | D:1      | Found a sparkling altar of Nemelex Xobeh.
   409 | D:1      | Reached XP level 3. HP: 23/23 MP: 3/3
  1321 | D:2      | Found a deep blue altar of Sif Muna.
  1321 | D:2      | Found a faded altar of an unknown god.
  1328 | D:2      | Found a faded altar of an unknown god.
  1330 | D:2      | Found a radiant altar of Vehumet.
  1331 | D:2      | Found a white marble altar of Elyvilon.
  1871 | D:2      | Reached XP level 4. HP: 28/28 MP: 4/4
  2191 | D:3      | Noticed Sigmund
  2191 | D:3      | Noticed Grinder
  2297 | D:3      | Killed from afar by Sigmund

Vault maps used:
D:1:      giann_horns, nemelex_xobeh_ov_fountains_minmay
D:2:      chequers_temple_overflow_minitemple, serial_co_window_serial,
          co_window_of_opportunity_a, co_window_corner_a, co_window_paths_b,
          co_window_corner_a, co_window_paths_b, co_window_unsneaky_path_c,
          co_window_broadway_c, co_window_corner_ca, glass_columns_a,
          glass_columns_b, minivault_11
D:3:      grunt_temple_overflow_growth_and_decay,
          nicolae_qazlal_general_emergency, hex_tiny, uniq_sigmund, uniq_grinder

Skill      XL: |  1  2 |
---------------+-------+-----
Armour         | 1 |  1.7
Fighting       | 3 |  3.7
Maces & Flails | |  3.4
Throwing       | |  1.7
Dodging        | |  2.4

Action                   |  1- 3 |  4- 6 || total
-------------------------+-------+-------++-------
Melee: Flail             |   140 |    35 ||   175
  Use: Potion            |       |     1 ||     1
  Eat: Chunk             |     2 |     1 ||     3
       Ration            |       |     1 ||     1
Armor: Leather armour    |    29 |       ||    29
       Ring mail         |     9 |       ||     9
       Scale mail        |    44 |    25 ||    69
Dodge: Dodged            |    99 |    18 ||   117

Table legend:
 A = Non-vault XP
 B = Vault XP
 C = Vault XP percentage of total XP
 D = Non-vault monster count
 E = Vault monster count
 F = Vault count percentage of total count
                 A         B        C        D         E       F
            +---------+---------+-------+---------+---------+-------
      Total |      95 |       0 |   0.0 |      47 |       0 |   0.0
            +---------+---------+-------+---------+---------+-------
        D:1 |      50 |       0 |   0.0 |      25 |       0 |   0.0
        D:2 |      39 |       0 |   0.0 |      20 |       0 |   0.0
        D:3 |       6 |       0 |   0.0 |       2 |       0 |   0.0
            +---------+---------+-------+---------+---------+-------
